 Dungeon Crawl Stone Soup version 0.24.0-37-gcf1ca852f1 (webtiles) character file.

Game seed: 2341421348726201691, levelgen mode: deterministic

504 gandrestula the Conjurer (level 6, -8/47 HPs)
             Began as a Draconian Conjurer on Dec 6, 2019.
             Mangled by a bullfrog (9 damage)
             ... on level 7 of the Dungeon.
             The game lasted 00:42:15 (3222 turns).

gandrestula the Conjurer (Draconian Conjurer)       Turns: 3222, Time: 00:42:15

Health: -8/47      AC:  6    Str: 10    XL:     6   Next: 96%
Magic:  0/11       EV: 13    Int: 20    God:
Gold:   181        SH:  0    Dex: 12    Spells: 4/12 levels left

rFire    . . .     SeeInvis .     - Unarmed
rCold    . . .     Gourm    .   (no shield)
rNeg     . . .     Faith    .   (armour unavailable)
rPois    .         Spirit   .   (helmet restricted)
rElec    .         Reflect  .   (no cloak)
rCorr    .         Harm     .   (no gloves)
MR       +....                  (no boots)
Stlth    ++........             (no amulet)
HPRegen  0.15/turn              i - +3 ring of intelligence
MPRegen  0.12/turn              d - ring of protection from magic

@: no status effects
A: unfitting armour, cold-blooded, AC +6
a: no special abilities


You were on level 7 of the Dungeon.
You were not hungry.

You visited 2 branches of the dungeon, and saw 7 of its levels.

You collected 181 gold pieces.

Inventory:

Jewellery
 d - a ring of protection from magic (right hand)
 i - a +3 ring of intelligence (left hand)
Scrolls
 c - a scroll of enchant weapon
 e - a scroll of remove curse
 h - a scroll of identify
Comestibles
 b - 4 rations


   Skills:
 + Level 1.4 Fighting
 + Level 3.0 Dodging
 + Level 2.1 Stealth
 + Level 2.6 Unarmed Combat
 + Level 3.5 Spellcasting
 + Level 5.9 Conjurations
 + Level 1.0 Hexes
   Level 0.2 Evocations


You had 4 spell levels left.
You knew the following spells:

 Your Spells              Type           Power        Failure   Level  Hunger
a - Magic Dart            Conj           ####         1%          1    None
b - Iskenderun's Mystic   Conj           ####....     12%         4    ####...
c - Dazzling Spray        Conj/Hex       ###...       10%         3    ###....

Your spell library contained the following spells:

 Spells                   Type           Power        Failure   Level  Hunger
 Searing Ray              Conj           ####..       1%          2    ##.....
 Throw Flame              Conj/Fire      ###...       6%          2    ##.....
 Throw Frost              Conj/Ice       ###...       6%          2    ##.....
 Mephitic Cloud           Conj/Pois/Air  ##......     19%         3    ###....
 Fulminant Prism          Conj/Hex       ###.......   32%         4    ####...
 Force Lance              Conj/Tloc      ###.....     36%         4    ####...
 Olgreb's Toxic Radiance  Pois           #.......     80%         4    ####...
 Conjure Ball Lightning   Conj/Air       ###.......   99%         6    #######


Dungeon Overview and Level Annotations

Branches:
Dungeon (7/15)             Temple (1/1) D:4

Altars:
Ashenzari
Cheibriados
Dithmenos
Fedhas
Gozag
Hepliaklqana
Kikubaaqudgha
Makhleb
Nemelex Xobeh
Qazlal
Sif Muna
Trog
Uskayaw
Vehumet
Xom
Yredelemnul
Zin
The Shining One

Annotations:
D:6 Edmund


Innate Abilities, Weirdness & Mutations

Your plain brown scales are hard. (AC +6)
You cannot fit into any form of body armour.
You are cold-blooded and may be slowed by cold attacks.


Message History

Aim: a hound (lightly wounded)
The magic dart hits the hound!
The hound is severely wounded.
The hound bites you.
* * * LOW HITPOINT WARNING * * *
The bullfrog closely misses you. The hound closely misses you.
You barely miss the hound.
The hound is severely wounded.
The bullfrog hits you but does no damage.
The hound misses you. The bullfrog barely misses you.
You hit the hound.
The hound is almost dead.
The hound barely misses you. The bullfrog closely misses you.
The hound misses you.
The shadow imp grins evilly.
You barely miss the hound.
The hound is almost dead.
The bullfrog closely misses you. The hound closely misses you.
The bullfrog hits you!
You die...

.##
#####..(..
#h@FF5....
#.###...##
#. .# ..
.<. ##..
##. #.


You could see 2 bullfrogs, a hound and a shadow imp.

Vanquished Creatures
  An ogre (D:4)
  A scorpion (D:4)
  A bullfrog zombie (D:3)
  A hound (D:7)
  A bullfrog skeleton (D:4)
  An orc priest (D:3)
  An iguana (D:4)
  A worker ant (D:4)
  2 hound skeletons (D:4)
  9 adders
  4 worms
  A dart slug (D:1)
  2 leopard geckos
  12 orcs
  5 giant cockroaches
  6 goblins
  7 hobgoblins
  6 jackals
  A quokka (D:3)
  5 ball pythons
  3 bats (D:1)
  2 frilled lizards (D:3)
  A jackal skeleton (D:4)
  5 kobolds
  3 rats
82 creatures vanquished.

Notes
Turn   | Place    | Note
-------+----------+-------------------------------------------
     0 | D:1      | gandrestula the Draconian Conjurer began the quest for the
                  | Orb.
     0 | D:1      | Reached XP level 1. HP: 14/14 MP: 3/3
   152 | D:1      | Reached XP level 2. HP: 20/20 MP: 0/5
   736 | D:2      | Reached XP level 3. HP: 19/26 MP: 1/6
  1105 | D:2      | Found a shimmering blue altar of Sif Muna.
  1312 | D:3      | Reached XP level 4. HP: 34/34 MP: 1/7
  1323 | D:3      | Reached skill level 5 in Conjurations
  1410 | D:3      | Found a glowing golden altar of the Shining One.
  1426 | D:3      | Reached skill level 1 in Unarmed Combat
  1470 | D:3      | Reached XP level 5. HP: 25/39 MP: 1/9
  1581 | D:3      | Found a stormy altar of Qazlal.
  1768 | D:3      | Found a faded altar of an unknown god.
  1813 | D:3      | Reached skill level 1 in Fighting
  2197 | D:4      | Noticed an ogre
  2229 | D:4      | Killed an ogre
  2229 | D:4      | Reached XP level 6. HP: 16/47 MP: 4/10
  2458 | D:4      | Found a staircase to the Ecumenical Temple.
  2467 | D:4      | Identified Xaed Dic's Catalogue of Lethal Toxins
  2481 | D:4      | Learned a level 4 spell: Iskenderun's Mystic Blast
  2485 | D:4      | Learned a level 3 spell: Dazzling Spray
  2489 | Temple   | Entered the Ecumenical Temple
  2956 | D:4      | Found an ancient bone altar of Kikubaaqudgha.
  2965 | D:4      | Reached skill level 1 in Hexes
  3141 | D:4      | You fall into a shaft and drop 2 floors!
  3142 | D:6      | Noticed Edmund
  3219 | D:7      | HP: 1/47 [hound (5)]
  3222 | D:7      | Mangled by a bullfrog

Levels and vault maps discovered:
D:1:      dpeg_arrival_water_altar, layout_rooms, lemuel_another_geyser
D:2:      layout_basic, grunt_ministairs_13, lemuel_blue_sif_altar
D:3:      layout_loops_ring, tso_oasis_becter, first_ration,
          chequers_ecumenical_altar_simple_redux,
          nicolae_qazlal_general_emergency
D:4:      layout_rooms, kiku_gazebo_garden_becter,
          minmay_temple_entry_offerings, hangedman_abyss_or_decor_passed,
          st_stairs_6
D:6:      layout_cave_pools, uniq_edmund
D:7:      layout_loops_ring, elyvilon_altar_5
Temple:   jpeg_temple_clearing

Skill      XL: |  1  2  3  4  5  6 |
---------------+-------------------+-----
Dodging        | 2 3 |  3.0
Conjurations   | 5 |  5.9
Unarmed Combat | 1 2 |  2.6
Fighting       | 1 |  1.4
Stealth        | 2 |  2.1
Spellcasting   | 3 |  3.5
Hexes          | 1 |  1.0
Evocations     | |  0.2

Action                   |  1- 3 |  4- 6 || total
-------------------------+-------+-------++-------
Melee: Unarmed           |    78 |    69 ||   147
       Tailslap          |     7 |     4 ||    11
 Cast: Magic Dart        |    79 |   101 ||   180
       Iskenderun's Myst |       |     7 ||     7
       Dazzling Spray    |       |     6 ||     6
Evoke: Wand              |     4 |     2 ||     6
  Use: Scroll            |       |    10 ||    10
       Potion            |       |     1 ||     1
  Eat: Ration            |     1 |     2 ||     3
Armor: Skin              |    38 |    35 ||    73
Dodge: Dodged            |    81 |   107 ||   188
